 Dungeon Sprint DCSS version 0.30-a0-586-g23e55c9e0a (webtiles) character file.

Game seed: 813802549181839270

355792 mhtbhm the Heavyweight Champion (level 18, -12/378 HPs)
             Began as a Troll Transmuter on Jan 3, 2023.
             Was an Initiate of Gozag.
             Mangled by Antaeus (13 damage)
             ... in the Dungeon (Sprint III: "The Ten Rune Challenge") on Jan 4, 2023.
             The game lasted 00:55:15 (12957 turns).

mhtbhm the Heavyweight Champion (Troll Transmuter) Turns: 12957, Time: 00:55:16

Health: -12/378    AC:  8    Str: 39    XL:     18   Next: 13%
Magic:  50/50      EV: 14    Int:  8    God:    Gozag
Gold:   6378       SH:  0    Dex:  9    Spells: 25/58 levels left

rFire   x . .      SeeInvis .      - Unarmed
rCold   + + +      Faith    .    (shield currently unavailable)
rNeg    + . .      Spirit   .    (body armour currently unavailable)
rPois   +          Reflect  .    (helmet currently unavailable)
rElec   .          Harm     .    (cloak currently unavailable)
rCorr   .          Rampage  .    (gloves unavailable)
Will    +....      NoTele   +    (boots unavailable) Stlth
                                 S - amulet of regeneration
HPRegen 2.43/turn                s - ring "Miaron" {rN+ MP+9}
MPRegen 0.32/turn                G - +6 ring of strength

@: mighty, brilliant, berserking, ice-form, wereblooded, frozen, flying, hasted,
studying 2 skills, quick
A: freezing attack, amphibious, boosted hp, large, unfitting armour, (claws 3),
regeneration 1, (shaggy fur 1), (tough skin 1), (horns 1), strong 1
}: 8/10 runes: serpentine, barnacled, slimy, silver, golden, iron, obsidian,
demonic
a: End Transformation, Renounce Religion, Potion Petition, Call Merchant, Bribe
Branch


You were in the Dungeon.
You worshipped Gozag.
Gozag was greatly pleased with you.
You were a creature of crystalline ice.
You visited 1 branch You collected 42856 gold pieces.
You spent 9066 gold pieces at shops.
You paid 27412 gold pieces to Gozag.

Inventory:

Missiles
 m - 7 curare-tipped darts
 K - 16 silver javelins (quivered)
Armour
 a - a +2 robe of resistance (melded)
 i - the +5 robe of Night {Dark Will+ SInv}
   (You found it in the Dungeon)

   It shrouds the wearer in darkness, reducing the range at which they can see
   and be seen by others.
   SInv:      It lets you see invisible.
   Will:      It increases your willpower.
 y - a +2 cloak of stealth (melded)
 I - a +2 hat of see invisible (melded)
Jewellery
 s - the ring "Miaron" (left front paw) {rN+ MP+9}
   (You acquired it in the Dungeon)

   [ring of magical power]

   rN:        It protects you from negative energy.
   MP:        It affects your magic capacity (+9).
 z - the amulet of the Four Winds {rN+ Will+++ Clar}
   (You bought it in a shop in the Dungeon)

   [amulet of nothing]

   rN:        It protects you from negative energy.
   Clar:      It protects you against confusion.
   Will:      It greatly increases your willpower.
 D - the ring "Lousch" {rElec MP+9 Int+2}
   (You found it in the Dungeon)

   [ring of magical power]

   Int:       It affects your intelligence (+2).
   rElec:     It insulates you from electricity.
   MP:        It affects your magic capacity (+9).
 G - a +6 ring of strength (right front paw)
 O - the ring "Ipammer" {Will+ rCorr}
   (You found it in the Dungeon)

   [ring of resist corrosion]

   rCorr:     It protects you from acid and corrosion.
   Will:      It increases your willpower.
 S - an amulet of regeneration (around neck)
Wands
 q - a wand of digging (1)
 w - a wand of polymorph (9)
 H - a wand of flame (4)
 P - a wand of mindburst (16)
 Q - a wand of charming (8)
 R - a wand of roots (2)
Scrolls
 l - a scroll of poison
 o - 5 scrolls of amnesia
 p - 4 scrolls of fog
 r - 2 scrolls of butterflies
 t - a scroll of vulnerability
 v - 3 scrolls of fear
 F - 8 scrolls of identify
 L - 2 scrolls of silence
 T - 4 scrolls of enchant armour
 Y - 6 scrolls of enchant weapon
Potions
 b - 3 potions of lignification
 c - 7 potions of curing
 d - 8 potions of haste
 f - 2 potions of magic
 h - 3 potions of brilliance
 j - 2 potions of mutation
 n - 8 potions of flight
 u - 4 potions of might
 B - 2 potions of ambrosia
 E - 4 potions of attraction
 J - 4 potions of resistance
 U - a potion of invisibility
Miscellaneous
 e - a condenser vane (inert)
 g - a tin of tremorstones (2/2)
 k - the horn of Geryon
 x - a phantom mirror (inert)
 A - a box of beasts
 N - a lightning rod (4/4)


   Skills:
 * Level 19.7 Fighting
 + Level 3.4 Throwing
 + Level 15.9 Dodging
 + Level 11.3 Stealth
 + Level 4.2 Shields
 O Level 27 Unarmed Combat
 + Level 20.9 Spellcasting
 + Level 22.8 Transmutations
 + Level 5.7 Ice Magic
 + Level 8.3 Earth Magic
 + Level 0.7 Poison Magic
 + Level 8.4 Evocations


You had 25 spell levels left.
You knew the following spells:

 Your Spells              Type           Power      Damage    Failure   Level
a - Beastly Appendage     Tmut           100%       N/A       0%          1
b - Wereblood             Tmut           61%        N/A       0%          2
c - Spider Form           Tmut/Pois      40%        N/A       1%          3
d - Ice Form              Ice/Tmut       46%        N/A       1%          4
e - Blade Hands           Tmut           30%        N/A       0%          5
f - Mephitic Cloud        Conj/Pois/Air  13%        N/A       14%         3
g - Dragon Form           Tmut           30%        N/A       1%          7
h - Statue Form           Tmut/Erth      32%        N/A       1%          6
i - Passwall              Tmut/Erth      40%        N/A       0%          2

Your spell library contained the following spells:

 Spells                   Type           Power      Damage    Failure   Level
 Freeze                   Ice            100%       1d10      1%          1
 Sandblast                Erth           64%        2d14      1%          1
 Petrify                  Tmut/Erth      49%        N/A       1%          4
 Alistair's Intoxication  Tmut/Pois      26%        N/A       1%          5
 Irradiate                Conj/Tmut      19%        3d18      1%          5
 Stone Arrow              Conj/Erth      44%        3d9       2%          3
 Lee's Rapid Deconstruct  Erth           16%        3d10*     4%          5
 Apportation              Tloc           24%        N/A       5%          1
 Magic Dart               Conj           48%        1d5       5%          1
 Summon Small Mammal      Summ           48%        N/A       5%          1
 Eringya's Noxious Bog    Tmut/Pois      20%        N/A       6%          6
 Blink                    Tloc           24%        N/A       8%          2
 Call Imp                 Summ           12%        N/A       8%          2
 Momentum Strike          Conj/Tloc      24%        3d8       8%          2
 Animate Armour           Summ/Erth      44%        N/A       10%         4
 Call Canine Familiar     Summ           12%        N/A       16%         3
 Lesser Beckoning         Tloc           24%        N/A       16%         3
 Borgnjor's Vile Clutch   Necr/Erth      11%        N/A       26%         5
 Metabolic Englaciation   Hex/Ice        9%         N/A       41%         5
 Cause Fear               Hex            6%         N/A       45%         4
 Iskenderun's Mystic Bla  Conj/Tloc      12%        2d5       45%         4
 Freezing Cloud           Conj/Ice/Air   8%         6-21      54%         5
 Summon Forest            Summ/Tloc      6%         N/A       82%         5
 Summon Mana Viper        Hex/Summ       12%        N/A       82%         5
 Iron Shot                Conj/Erth      11%        9d3       82%         6
 Conjure Ball Lightning   Conj/Air       6%         3x3d6     100%        6
 Summon Cactus Giant      Summ           6%         N/A       100%        6
 Summon Hydra             Summ           6%         N/A       100%        7
 Discord                  Hex            6%         N/A       100%        8
 Disjunction              Tloc           6%         N/A       100%        8
 Dragon's Call            Summ           6%         N/A       100%        9
 Fire Storm               Conj/Fire      6%         8d2       100%        9
 Polar Vortex             Ice            13%        N/A       100%        9


Dungeon Overview and Level Annotations

Branches:
Dungeon (1/1)

Altars:
Cheibriados
Dithmenos
Elyvilon
Fedhas
Gozag
Hepliaklqana
Kikubaaqudgha
Makhleb
Nemelex Xobeh
Okawaru
Qazlal
Ru
Sif Muna
Trog
Uskayaw
Vehumet
Wu Jian
Xom
Yredelemnul
Zin
The Shining One
Jiyva
Lugonu

Shops:
D ?*!?=*!:!=!(!*:[[=![![!!*:(=?[!=:::(?*

Annotations:
D Antaeus


Innate Abilities, Weirdness & Mutations

You are a creature of crystalline ice.
You have a powerful freezing melee attack.
You are amphibious.
Your maximum health is increased.
Your armour is entirely melded.
You are incapable of wielding weapons or throwing items.
You are too large for most types of armour.
((You have claws for hands.))
Your natural rate of healing is unusually fast.
((You are covered in fur. (AC +1)))
((You have tough skin. (AC +1)))
((You have a pair of small horns on your head.))
Your muscles are strong. (Str +4, Int/Dex -1)


Message History

You feel more clever all of a sudden.
You feel much better.
You feel better.
A red film seems to cover your vision as you go berserk!
You feel yourself moving faster!
You feel mighty!
Unknown command.
Antaeus blocks your attack.
Antaeus is lightly wounded.
Antaeus hits you!!!
* * * LOW HITPOINT WARNING * * *
Antaeus freezes you. You resist.
* * * LOW HITPOINT WARNING * * *
Antaeus hits you!!
* * * LOW HITPOINT WARNING * * *
Antaeus freezes you! You resist.
* * * LOW HITPOINT WARNING * * *
You pummel Antaeus!!
Antaeus is lightly wounded.
You squash Antaeus like an ant!!!
You freeze Antaeus.
Antaeus is lightly wounded.
Antaeus blocks your attack.
Antaeus is lightly wounded.
Antaeus blocks your attack.
Antaeus is lightly wounded.
Antaeus misses you. Antaeus hits you.
* * * LOW HITPOINT WARNING * * *
Antaeus freezes you! You resist.
* * * LOW HITPOINT WARNING * * *
You pulverise Antaeus!!!!
You freeze Antaeus.
Antaeus is moderately wounded.
You squash Antaeus like an ant!!!!
You freeze Antaeus.
Antaeus is heavily wounded.
Antaeus blocks your attack.
Antaeus is heavily wounded.
Antaeus hits you!!
* * * LOW HITPOINT WARNING * * *
Antaeus freezes you. You resist.
* * * LOW HITPOINT WARNING * * *
Antaeus hits you!
You die...
Your body crumbles into a pile of gold.

▓............).)..(....
▓.......∩..)...).......
▓...............))....§
▓#######'#############§
###≈≈≈≈≈≈≈≈≈##...#.§§
#.'≈###≈≈#####.§§'..§
####≈#§#≈≈'[# #§.§#..§
#≈≈≈≈#C#≈≈######§#####
#≈≈≈≈Y§§≈≈≈≈≈# #...§§.
#≈≈≈≈###≈≈≈≈≈###'#####
##'#≈#,#≈≈#'###§§§#,,,
#[#≈#+#≈≈#[# #§§.+,,,
###≈≈≈≈≈≈### #§.§#,,,
######## #####***


You could see Antaeus (reflecting).

Vanquished Creatures
  the Royal Jelly (D)
  Gloorx Vloq (D)
  the Serpent of Hell (D)
  2 ancient liches (D)
  Dispater (D)
  Mennas (D)
  Mara (D)
  Sojobo (D)
  2 royal mummies (D)
  Boris (D)
  A Killer Klown (D)
  Sigmund (D)
  Geryon (D)
  2 golden dragons (D)
  Nikola (D)
  A Brimstone Fiend (D)
  Nellie (D)
  An iron giant (D)
  3 Hell Sentinels (D)
  4 Ice Fiends (D)
  Rupert (D)
  A deep elf master archer (D)
  A lich (D)
  2 Orb Guardians (D)
  2 titans (D)
  2 deep elf blademasters (D)
  2 sphinxes (D)
  An ancient champion (D)
  Polyphemus (D)
  Chuck (D)
  8 acid blobs (D)
  An Executioner (D)
  Gastronok (D)
  Roxanne (D)
  2 shadow dragons (D)
  Ilsuiw (D)
  A storm dragon (D)
  2 rockslimes (D)
  A nagaraja (D)
  10 azure jellies (D)
  A draconian knight (D)
  4 fire giants (D)
  2 frost giants (D)
  An iron dragon (D)
  2 vampire knights (D)
  2 quicksilver oozes (D)
  2 stone giants (D)
  4 war gargoyles (D)
  Nessos (D)
  3 deep elf annihilators (D)
  A deep elf demonologist (D)
  A minotaur (D)
  A yellow draconian (D)
  Azrael (D)
  2 dire elephants (D)
  A merfolk javelineer (D)
  An iron golem (D)
  Snorg (D)
  12 mummy priests (D)
  A deep elf death mage (D)
  A fire dragon (D)
  2 yaktaur captains (D)
  2 hydras (D)
  2 hell beasts (D)
  A deep elf high priest (D)
  An ogre mage (D)
  17 vault guards (D)
  3 centaur warriors (D)
  A naga warrior (D)
  3 anacondas (D)
  2 iron elementals (D)
  An anaconda (shapeshifter) (D)
  4 dancing weapons (D)
  4 death yaks (D)
  Urug (D)
  2 sun demons (D)
  3 deep elf knights (D)
  2 soul eaters (D)
  A spriggan druid (D)
  9 skeletal warriors (D)
  A death drake (D)
  3 kraken simulacra (D)
  A spectral iron dragon (D)
  A sea snake (D)
  A shadow wraith (D)
  2 orange crystal statues (D)
  2 anaconda zombies (D)
  A glowing orange brain (D)
  An obsidian statue (D)
  A lindwurm (D)
  2 deep elf zephyrmancers (D)
  2 oklob plants (D)
  5 ugly things (D)
  2 orc knights (D)
  4 crystal guardians (D)
  A moth of wrath (D)
  3 shining eyes (D)
  2 deep elf pyromancers (D)
  A faun (shapeshifter) (D)
  2 elephants (D)
  A stone giant skeleton (D)
  5 black mambas (D)
  A molten gargoyle (D)
  A guardian serpent (D)
  2 iron troll simulacra (D)
  8 statues (D)
  3 rust devils (D)
  Edmund (D)
  2 cane toads (D)
  14 yaktaurs (D)
  A rime drake (D)
  6 hellions (D)
  An unseen horror (D)
  20 guardian mummies (D)
  A komodo dragon (D)
  2 ice devils (D)
  An anaconda simulacrum (D)
  4 spriggan defenders (D)
  A queen bee (D)
  3 hornets (D)
  8 blink frogs (D)
  2 orc high priests (D)
  2 tyrant leeches (D)
  3 wandering mushrooms (D)
  3 dream sheep (D)
  8 slime creatures (D)
  A snapping turtle (shapeshifter) (D)
  5 shadows (D)
  2 spriggans (D)
  A golden eye (D)
  A redback (shapeshifter) (D)
  3 redbacks (D)
  A spatial vortex (D)
  2 nagas (D)
  3 water moccasins (D)
  3 hydra simulacra (D)
  A floating eye (shapeshifter) (D)
  4 floating eyes (D)
  A swamp drake (D)
  2 orc warriors (D)
  A black mamba simulacrum (D)
  A fire dragon simulacrum (D)
  2 centaurs (D)
  An earth elemental (D)
  A water elemental (D)
  A scorpion (D)
  A necrophage (D)
  32 killer bees (D)
  4 electric eels (D)
  A jelly (D)
  A quasit (D)
  8 orc priests (D)
  Jessica (D)
  2 orc wizards (D)
  A necromancer (D)
  A wizard (D)
  3 humans (D)
  A kobold demonologist (D)
  6 adders (D)
  7 orcs (D)
  An endoplasm (D)
  2 rats (D)
  11 butterflies (D)
  9 plants (D)
447 creatures vanquished.

Vanquished Creatures (others)
  A deep elf zephyrmancer (D)
  4 ball lightnings (D)
  4 ballistomycete spores (D)
  A bush (D)
  25 plants (D)
  4 tentacles (D)
39 creatures vanquished.

Grand Total: 486 creatures vanquished

Notes
Turn   | Place    | Note
-------+----------+-------------------------------------------
     0 | D        | mhtbhm the Troll Transmuter began the quest for the Orb.
     0 | D        | Reached XP level 1. HP: 18/18 MP: 1/1
    22 | D        | Noticed Jessica
    26 | D        | Killed Jessica
    27 | D        | Reached skill level 5 in Unarmed Combat
    27 | D        | Reached XP level 2. HP: 22/26 MP: 4/4
    31 | D        | Reached XP level 3. HP: 30/32 MP: 3/5
    60 | D        | Learned a level 2 spell: Wereblood
    64 | D        | Learned a level 3 spell: Spider Form
    78 | D        | Noticed a scorpion
    85 | D        | Killed a scorpion
    86 | D        | Reached skill level 6 in Unarmed Combat
    86 | D        | Reached XP level 4. HP: 29/40 MP: 3/7
    97 | D        | Reached skill level 7 in Unarmed Combat
   133 | D        | Gained mutation: You occasionally lose the ability to drink
                  | potions when taking damage. [potion of mutation]
   133 | D        | Gained mutation: You are agile. (Dex +4, Str/Int -1)
                  | [potion of mutation]
   133 | D        | Gained mutation: You are partially covered in large bone
                  | plates. (SH +4) [potion of mutation]
   134 | D        | Lost mutation: You are agile. (Dex +4, Str/Int -1) [potion
                  | of mutation]
   134 | D        | Lost mutation: You occasionally lose the ability to drink
                  | potions when taking damage. [potion of mutation]
   134 | D        | Gained mutation: You sometimes lose your temper in combat.
                  | [potion of mutation]
   134 | D        | Gained mutation: Your muscles are strong. (Str +4, Int/Dex
                  | -1) [potion of mutation]
   157 | D        | Noticed a water elemental
   163 | D        | Killed a water elemental
   164 | D        | Reached XP level 5. HP: 46/46 MP: 4/8
   219 | D        | Learned a level 4 spell: Ice Form
   222 | D        | Found a shadowy altar of Dithmenos.
   226 | D        | Reached skill level 8 in Unarmed Combat
   226 | D        | Found a basalt altar of Yredelemnul.
   226 | D        | Found a sacrificial altar of Ru.
   234 | D        | Noticed a shadow
   238 | D        | Killed a shadow
   239 | D        | Reached skill level 1 in Fighting
   239 | D        | Reached skill level 1 in Stealth
   239 | D        | Reached skill level 10 in Unarmed Combat
   239 | D        | Reached XP level 6. HP: 39/55 MP: 7/11
   705 | D        | Found a blossoming altar of Fedhas.
   705 | D        | Found a stormy altar of Qazlal.
   706 | D        | Found a snail-covered altar of Cheibriados.
   706 | D        | Found a burning altar of Makhleb.
   706 | D        | Found a hazy altar of Hepliaklqana.
   706 | D        | Found a shimmering altar of Xom.
   706 | D        | Found an opulent altar of Gozag.
   706 | D        | Found a sparkling altar of Nemelex Xobeh.
   706 | D        | Found a corrupted altar of Lugonu.
   706 | D        | Found a viscous altar of Jiyva.
   706 | D        | Noticed a spatial vortex
   713 | D        | Killed a spatial vortex
   714 | D        | Reached skill level 5 in Transmutations
   714 | D        | Reached XP level 7. HP: 57/62 MP: 8/12
   714 | D        | Became a worshipper of Gozag Ym Sagoz the Greedy
   758 | D        | Found a radiant altar of Vehumet.
   759 | D        | Found a shimmering blue altar of Sif Muna.
   759 | D        | Found an ancient bone altar of Kikubaaqudgha.
   761 | D        | Reached skill level 1 in Ice Magic
   769 | D        | Found a glowing silver altar of Zin.
   770 | D        | Found a glowing golden altar of the Shining One.
   770 | D        | Found a white marble altar of Elyvilon.
   770 | D        | Noticed a deep elf pyromancer
   774 | D        | Noticed a fire elemental
   774 | D        | Noticed a fire elemental
   775 | D        | Killed a deep elf pyromancer
   776 | D        | Reached skill level 5 in Dodging
   776 | D        | Reached skill level 11 in Unarmed Combat
   776 | D        | Reached skill level 5 in Spellcasting
   952 | D        | Found a hide-covered altar of Uskayaw.
   952 | D        | Found an iron altar of Okawaru.
   953 | D        | Found a bloodstained altar of Trog.
   953 | D        | Found an ornate altar of the Wu Jian Council.
   953 | D        | Noticed a human
   953 | D        | Noticed a human
   956 | D        | Killed a human
   957 | D        | Reached XP level 8. HP: 72/72 MP: 7/15
  1039 | D        | Noticed Snorg
  1045 | D        | Killed Snorg
  1046 | D        | Reached skill level 12 in Unarmed Combat
  1063 | D        | Reached XP level 9. HP: 62/81 MP: 13/17
  1174 | D        | Noticed an orc knight
  1187 | D        | Found Olavearch's Assorted Antiques.
  1197 | D        | Killed an orc knight
  1198 | D        | Reached skill level 1 in Evocations
  1304 | D        | Noticed a deep elf zephyrmancer
  1304 | D        | Noticed a deep elf knight
  1304 | D        | Noticed a deep elf pyromancer
  1304 | D        | Noticed a deep elf zephyrmancer
  1304 | D        | Noticed a deep elf zephyrmancer
  1320 | D        | Killed a deep elf zephyrmancer
  1321 | D        | Reached skill level 13 in Unarmed Combat
  1325 | D        | Killed a deep elf knight
  1326 | D        | Killed a deep elf zephyrmancer
  1329 | D        | Killed a deep elf pyromancer
  1330 | D        | Reached skill level 14 in Unarmed Combat
  1330 | D        | Reached XP level 10. HP: 82/92 MP: 17/19
  1330 | D        | Noticed a deep elf annihilator
  1333 | D        | Killed a deep elf zephyrmancer
  1413 | D        | Bought a glowing robe for 155 gold pieces
  1420 | D        | Bought a book of Iron for 612 gold pieces
  1426 | D        | Learned a level 5 spell: Blade Hands
  1428 | D        | Noticed a centaur warrior
  1433 | D        | Killed a centaur warrior
  1490 | D        | Reached skill level 15 in Unarmed Combat
  1532 | D        | Reached skill level 5 in Fighting
  1532 | D        | Reached skill level 1 in Shields
  1542 | D        | Reached XP level 11. HP: 102/102 MP: 15/22
  1546 | D        | Reached skill level 16 in Unarmed Combat
  1628 | D        | HP: 1/102 [poisoned by a cane toad]
  1845 | D        | Noticed a lindwurm
  1851 | D        | Killed a lindwurm
  1863 | D        | Noticed Urug
  1865 | D        | Killed Urug
  1956 | D        | Reached skill level 5 in Stealth
  1973 | D        | Reached skill level 10 in Transmutations
  2019 | D        | Bought a potion of haste for 130 gold pieces
  2019 | D        | Bought a potion of curing for 39 gold pieces
  2019 | D        | Bought a potion of flight for 39 gold pieces
  2019 | D        | Bought a potion of resistance for 130 gold pieces
  2057 | D        | Bought a wand of quicksilver (3) for 327 gold pieces
  2057 | D        | Bought a fuming brown potion for 23 gold pieces
  2057 | D        | Bought a scroll labelled GAMUXZUGHO for 26 gold pieces
  2057 | D        | Bought a scroll labelled FIROBI EQIZ for 26 gold pieces
  2060 | D        | Noticed Sigmund
  2060 | D        | Noticed Edmund
  2068 | D        | Killed Sigmund
  2069 | D        | Reached skill level 17 in Unarmed Combat
  2079 | D        | Killed Edmund
  2147 | D        | Noticed a sun demon
  2336 | D        | Noticed an orange crystal statue
  2358 | D        | Killed an orange crystal statue
  2469 | D        | Found Ufuehiall's Book Shop.
  2469 | D        | Found Heduokil's Magic Scroll Shoppe.
  2469 | D        | Found Musholan's Distillery.
  2469 | D        | Found Ipumem's Jewellery Emporium.
  2469 | D        | Found Xeatod's Antique Weapon Shop.
  2469 | D        | Found Teoschatump's Book Emporium.
  2469 | D        | Found Hazathrun's Book Boutique.
  2469 | D        | Noticed a crystal guardian
  2470 | D        | Found Wawnutiu's Antique Armour Boutique.
  2470 | D        | Found Kamomm's Magic Scroll Shoppe.
  2470 | D        | Found Arigaap's Jewellery Shop.
  2470 | D        | Found Egurch's Antique Weapon Emporium.
  2481 | D        | Killed a crystal guardian
  2482 | D        | Reached XP level 12. HP: 92/113 MP: 17/24
  2495 | D        | Reached skill level 18 in Unarmed Combat
  2573 | D        | Bought a book of Minor Magic for 180 gold pieces
  2577 | D        | Learned a level 3 spell: Mephitic Cloud
  2587 | D        | Bought a ring of flight for 210 gold pieces
  2588 | D        | Bought a scroll of blinking for 90 gold pieces
  2591 | D        | Bought a scroll of butterflies for 48 gold pieces
  2591 | D        | Bought a scroll of butterflies for 48 gold pieces
  2591 | D        | Bought a scroll of enchant armour for 90 gold pieces
  2594 | D        | Bought a potion of heal wounds for 70 gold pieces
  2594 | D        | Bought a potion of might for 56 gold pieces
  2594 | D        | Bought 2 potions of curing for 84 gold pieces
  2594 | D        | Bought a potion of haste for 140 gold pieces
  2597 | D        | Bought a scroll of fear for 48 gold pieces
  2597 | D        | Bought a scroll of fog for 48 gold pieces
  2597 | D        | Bought a scroll of magic mapping for 90 gold pieces
  2599 | D        | Bought a book of Transfigurations for 480 gold pieces
  2607 | D        | Learned a level 7 spell: Dragon Form
  2720 | D        | Noticed a fire dragon
  2724 | D        | Reached skill level 10 in Spellcasting
  2727 | D        | Killed a fire dragon
  2793 | D        | Noticed a centaur warrior
  2798 | D        | Killed a centaur warrior
  2884 | D        | Reached skill level 19 in Unarmed Combat
  2890 | D        | Identified the +3 shortbow of the Ageless Xalams {heavy,
                  | Drain rElec Dex+2}
  2963 | D        | Noticed a yaktaur captain
  2965 | D        | a yaktaur captain changed into a minotaur
  2965 | D        | Noticed a minotaur
  2973 | D        | Upgraded the game from 0.30-a0-585-g93115170b9 to
                  | 0.30-a0-586-g23e55c9e0a
  3020 | D        | Killed a minotaur
  3422 | D        | Noticed Chuck
  3437 | D        | Killed Chuck
  3574 | D        | Reached XP level 13. HP: 122/122 MP: 19/26
  3600 | D        | Noticed an ancient lich
  3825 | D        | Reached skill level 20 in Unarmed Combat
  3930 | D        | Noticed Azrael
  3936 | D        | Killed Azrael
  4083 | D        | Noticed Polyphemus
  4094 | D        | Killed Polyphemus
  4238 | D        | Gained mutation: You occasionally lose the ability to read
                  | scrolls when taking damage. [mutagenic glow]
  4291 | D        | Noticed Ilsuiw
  4306 | D        | Killed Ilsuiw
  4315 | D        | Got a barnacled rune of Zot
  4644 | D        | Found Sefenuch's Antique Armour Shoppe.
  4644 | D        | Found Salai's Distillery.
  4644 | D        | Found Unkun's Jewellery Emporium.
  4644 | D        | Noticed a merfolk javelineer
  4652 | D        | Killed a merfolk javelineer
  4661 | D        | Reached skill level 21 in Unarmed Combat
  4668 | D        | Bought a potion of heal wounds for 70 gold pieces
  4668 | D        | Bought a potion of heal wounds for 70 gold pieces
  4959 | D        | Found a blossoming altar of Fedhas.
  4967 | D        | Reached skill level 5 in Ice Magic
  5217 | D        | Noticed Rupert
  5226 | D        | Killed Rupert
  5236 | D        | Bought a scroll of identify for 54 gold pieces
  5236 | D        | Bought a silver wand for 108 gold pieces
  5236 | D        | Bought a lumpy inky potion for 24 gold pieces
  5238 | D        | Noticed an azure jelly
  5238 | D        | Noticed an azure jelly
  5238 | D        | Noticed an azure jelly
  5238 | D        | Noticed an azure jelly
  5240 | D        | Noticed a dire elephant
  5240 | D        | Noticed a dire elephant
  5240 | D        | Noticed Gastronok
  5243 | D        | Killed Gastronok
  5246 | D        | Killed a dire elephant
  5249 | D        | Killed a dire elephant
  5254 | D        | Killed an azure jelly
  5256 | D        | Killed an azure jelly
  5257 | D        | Reached skill level 22 in Unarmed Combat
  5259 | D        | Killed an azure jelly
  5262 | D        | Killed an azure jelly
  5263 | D        | Reached XP level 14. HP: 133/133 MP: 27/29
  5569 | D        | Noticed a nagaraja
  5571 | D        | Found Tiurr's Jewellery Boutique.
  5571 | D        | Found Ling's Distillery.
  5573 | D        | Found Toploibre's Antique Weapon Shop.
  5577 | D        | Killed a nagaraja
  5578 | D        | Reached skill level 23 in Unarmed Combat
  5617 | D        | Got a serpentine rune of Zot
  5687 | D        | Bought 2 potions of heal wounds for 110 gold pieces
  5687 | D        | Bought a potion of heal wounds for 55 gold pieces
  5687 | D        | Bought a potion of heal wounds for 55 gold pieces
  5687 | D        | Bought a potion of resistance for 110 gold pieces
  5687 | D        | Bought a potion of resistance for 110 gold pieces
  5687 | D        | Bought a potion of haste for 110 gold pieces
  5916 | D        | Identified the +5 leather armour of Satisfaction {Str+4
                  | Int+7}
  5919 | D        | Noticed a deep elf master archer
  5921 | D        | Identified the amulet of Ehufaess {Spirit rCorr Slay-2
                  | Stlth+}
  5927 | D        | Reached skill level 15 in Transmutations
  5928 | D        | Killed a deep elf master archer
  5972 | D        | Got the Spellbook of Love and Death
  5973 | D        | Identified the ring "Dopsetoe" {Ice Int+4}
  5973 | D        | Identified the ring "Ipammer" {Will+ rCorr}
  5975 | D        | Identified the +8 arbalest of Indignation {flame, Dex+2}
  5975 | D        | Identified the +3 ring mail of Fupt {rElec}
  5977 | D        | Got the Almanac of the Crater and the Serac
  6114 | D        | Learned a level 6 spell: Statue Form
  6527 | D        | Noticed a sphinx
  6527 | D        | Noticed a sphinx
  6527 | D        | Paralysed by a sphinx for 2 turns
  6532 | D        | Killed a sphinx
  6533 | D        | Reached skill level 1 in Earth Magic
  6535 | D        | Killed a sphinx
  6685 | D        | Reached skill level 24 in Unarmed Combat
  6699 | D        | HP: 3/175 [mummy priest/divine providence (17)]
  7006 | D        | Noticed Sojobo
  7009 | D        | Killed Sojobo
  7010 | D        | Reached skill level 10 in Dodging
  7031 | D        | Noticed a lich
  7034 | D        | Killed a lich
  7044 | D        | Noticed a shadow dragon
  7044 | D        | Noticed a shadow dragon
  7061 | D        | Killed a shadow dragon
  7062 | D        | Reached XP level 15. HP: 145/145 MP: 28/32
  7063 | D        | Killed a shadow dragon
  7197 | D        | Bought a condenser vane for 1440 gold pieces
  7197 | D        | Bought a potion of heal wounds for 180 gold pieces
  7297 | D        | Noticed a golden dragon
  7297 | D        | Noticed a frost giant
  7297 | D        | Noticed a golden dragon
  7297 | D        | Noticed a fire giant
  7297 | D        | Noticed a titan
  7297 | D        | Noticed a titan
  7297 | D        | Noticed a fire giant
  7298 | D        | Noticed a fire giant
  7308 | D        | Reached skill level 25 in Unarmed Combat
  7312 | D        | Reached skill level 10 in Fighting
  7313 | D        | Killed a fire giant
  7313 | D        | Killed a fire giant
  7316 | D        | Killed a titan
  7317 | D        | Killed a fire giant
  7319 | D        | Reached skill level 15 in Spellcasting
  7319 | D        | Killed a golden dragon
  7322 | D        | Killed a titan
  7324 | D        | Killed a frost giant
  7325 | D        | Reached skill level 5 in Evocations
  7327 | D        | Found the +5 robe of Night {Dark Will+ SInv}
  7329 | D        | Killed a golden dragon
  7330 | D        | Reached skill level 26 in Unarmed Combat
  7341 | D        | Got Yparerer's Octavo of the Legion and the Inferno
  7344 | D        | Got a silver rune of Zot
  7352 | D        | Identified the +1 leather armour "Zecw" {+Blink rN+ SInv}
  7621 | D        | Noticed Nellie
  7629 | D        | Killed Nellie
  7632 | D        | Got a demonic rune of Zot
  7820 | D        | Found Violeme's Distillery.
  7820 | D        | Found Beze's Distillery.
  7820 | D        | Found Suishras's Armour Shop.
  7820 | D        | Found Esosined's Distillery.
  7835 | D        | Bought a potion of heal wounds for 60 gold pieces
  7868 | D        | Noticed Nikola
  7868 | D        | Noticed a storm dragon
  7873 | D        | Killed a storm dragon
  7876 | D        | Killed Nikola
  7950 | D        | Noticed Mara
  7954 | D        | Noticed mhtbhm's illusion
  7956 | D        | Killed Mara
  7958 | D        | Reached XP level 16. HP: 167/167 MP: 25/34
  7969 | D        | Noticed an ancient champion
  7971 | D        | Killed an ancient champion
  8133 | D        | Identified Roxanne's Information on the Rocks
  8133 | D        | Noticed Roxanne
  8142 | D        | Killed Roxanne
  8143 | D        | Reached skill level 27 in Unarmed Combat
  8148 | D        | Learned a level 2 spell: Passwall
  8192 | D        | Found Tuelitidwa's Armour Boutique.
  8218 | D        | Reached skill level 5 in Earth Magic
  8283 | D        | Noticed an Executioner
  8286 | D        | Killed an Executioner
  8289 | D        | Noticed Nessos
  8308 | D        | Killed Nessos
  8407 | D        | Paralysed by a floating eye for 4 turns
  8441 | D        | Lost mutation: You are partially covered in large bone
                  | plates. (SH +4) [potion of mutation]
  8441 | D        | Lost mutation: You occasionally lose the ability to read
                  | scrolls when taking damage. [potion of mutation]
  8441 | D        | Lost mutation: You sometimes lose your temper in combat.
                  | [potion of mutation]
  8441 | D        | Gained mutation: You have a pair of small horns on your
                  | head. [potion of mutation]
  8448 | D        | Noticed a deep elf blademaster
  8449 | D        | Noticed a deep elf blademaster
  8456 | D        | Killed a deep elf blademaster
  8482 | D        | Killed a deep elf blademaster
  8620 | D        | Noticed a Killer Klown
  8623 | D        | Killed a Killer Klown
  8634 | D        | Noticed an Orb Guardian
  8634 | D        | Noticed an Orb Guardian
  8640 | D        | Killed an Orb Guardian
  8644 | D        | Killed an Orb Guardian
  8895 | D        | Noticed an ancient lich
  8899 | D        | Killed an ancient lich
  8900 | D        | Reached skill level 15 in Fighting
  9002 | D        | Noticed Mennas
  9024 | D        | Killed Mennas
  9120 | D        | Noticed Boris
  9129 | D        | Killed Boris
  9660 | D        | Bought a scroll of enchant armour for 90 gold pieces
  9881 | D        | Killed an ancient lich
  9882 | D        | Reached skill level 10 in Stealth
  9962 | D        | Acquired 312 gold pieces
  9963 | D        | Acquired the ring "Miaron" {rN+ MP+9}
  9964 | D        | Acquired 559 gold pieces
  9971 | D        | Noticed a royal mummy
  9971 | D        | Noticed a royal mummy
  9971 | D        | Found the +11 Singing Sword {sonic wave}
  9975 | D        | Reached XP level 17. HP: 106/188 MP: 28/38
  9976 | D        | Killed a royal mummy
  9978 | D        | Killed a royal mummy
 10051 | D        | Got a golden rune of Zot
 10055 | D        | Identified the +8 broad axe of Compound Interest {freeze,
                  | rElec}
 10057 | D        | Identified the ring "Lousch" {rElec MP+9 Int+2}
 10260 | D        | Noticed Geryon
 10273 | D        | Killed Geryon
 10294 | D        | Noticed an iron giant
 10300 | D        | Killed an iron giant
 10453 | D        | Noticed a Hell Sentinel
 10458 | D        | Killed a Hell Sentinel
 10466 | D        | Identified the +2 animal skin of an ossuary {rC+}
 10466 | D        | Identified the +0 hat of Caiwokh {Rampage Str-5 Int+2}
 10513 | D        | Bought a potion of flight for 39 gold pieces
 10513 | D        | Bought a potion of invisibility for 104 gold pieces
 10513 | D        | Bought a potion of heal wounds for 65 gold pieces
 10513 | D        | Bought a potion of haste for 130 gold pieces
 10513 | D        | Bought a potion of curing for 39 gold pieces
 10513 | D        | Bought 2 potions of berserk rage for 130 gold pieces
 10545 | D        | Noticed the Serpent of Hell
 10556 | D        | Killed the Serpent of Hell
 10570 | D        | Noticed a Brimstone Fiend
 10576 | D        | Killed a Brimstone Fiend
 10714 | D        | Identified the +9 dagger of Dissent {pain, *Corrode rF+
                  | Will+ Str+5}
 10721 | D        | Identified the +7 hand axe of Skirmishing {heavy, rF+}
 10736 | D        | Got the Cyclopedia of the Tectonic Door
 10738 | D        | Got an obsidian rune of Zot
 11051 | D        | Found the +10 Black Knight's barding {ponderous, rPois rN+}
 11052 | D        | Noticed a Hell Sentinel
 11052 | D        | Noticed a Hell Sentinel
 11052 | D        | Found the +4 staff of Dispater
 11052 | D        | Noticed Dispater
 11055 | D        | Noticed a Hell Sentinel
 11059 | D        | Killed a Hell Sentinel
 11063 | D        | Killed a Hell Sentinel
 11071 | D        | Noticed a Hell Sentinel
 11074 | D        | Killed Dispater
 11081 | D        | Got an iron rune of Zot
 11083 | D        | Identified the +12 trident of Evisceration {spect, rPois}
 11363 | D        | Bought a scroll of fog for 60 gold pieces
 11363 | D        | Bought a scroll of acquirement for 780 gold pieces
 11365 | D        | Acquired 891 gold pieces
 11369 | D        | Acquired 981 gold pieces
 11373 | D        | Acquired 964 gold pieces
 11377 | D        | Acquired 500 gold pieces
 11381 | D        | Acquired 701 gold pieces
 11385 | D        | Acquired 510 gold pieces
 11393 | D        | Bought a potion of curing for 45 gold pieces
 11396 | D        | Bought the amulet of the Four Winds {rN+ Will+++ Clar} for
                  | 1031 gold pieces
 11396 | D        | Found the amulet of the Four Winds {rN+ Will+++ Clar}
 11410 | D        | Noticed an acid blob
 11431 | D        | Killed an acid blob
 11736 | D        | Bought a potion of might for 76 gold pieces
 11736 | D        | Bought a potion of might for 76 gold pieces
 11736 | D        | Bought a potion of heal wounds for 95 gold pieces
 11736 | D        | Bought a potion of might for 76 gold pieces
 11736 | D        | Bought a potion of heal wounds for 95 gold pieces
 11736 | D        | Bought a potion of haste for 190 gold pieces
 11742 | D        | Noticed an acid blob
 11798 | D        | Killed an acid blob
 11799 | D        | Reached skill level 15 in Dodging
 12002 | D        | Noticed the Royal Jelly
 12016 | D        | Noticed an acid blob
 12016 | D        | Noticed an acid blob
 12016 | D        | Noticed an acid blob
 12016 | D        | Noticed an acid blob
 12017 | D        | Killed the Royal Jelly
 12017 | D        | Noticed an acid blob
 12017 | D        | Noticed an acid blob
 12018 | D        | Killed an acid blob
 12023 | D        | Killed an acid blob
 12025 | D        | Killed an acid blob
 12029 | D        | Killed an acid blob
 12030 | D        | Killed an acid blob
 12038 | D        | Killed an acid blob
 12183 | D        | Got a slimy rune of Zot
 12623 | D        | Noticed an Ice Fiend
 12627 | D        | Killed an Ice Fiend
 12632 | D        | Noticed an Ice Fiend
 12634 | D        | Killed an Ice Fiend
 12643 | D        | Noticed an Ice Fiend
 12649 | D        | Killed an Ice Fiend
 12650 | D        | Reached XP level 18. HP: 208/208 MP: 41/41
 12653 | D        | Noticed an Ice Fiend
 12658 | D        | Killed an Ice Fiend
 12709 | D        | Identified the +0 ring mail of Words of Power {Dex+2}
 12728 | D        | Bought a potion of berserk rage for 100 gold pieces
 12728 | D        | Bought a potion of heal wounds for 100 gold pieces
 12810 | D        | Noticed Gloorx Vloq
 12814 | D        | Killed Gloorx Vloq
 12937 | D        | Noticed Antaeus
 12957 | D        | HP: 5/378 [Antaeus (25)]
 12957 | D        | HP: 1/378 [Antaeus (4)]
 12957 | D        | Mangled by Antaeus

Illustrated notes

Levels and vault maps discovered:
D:        dungeon_sprint_mu [sprint_mu_entry_forest, sprint_mu_temple_rooms,
          sprint_mu_d1_horrors, sprint_mu_d2_genie, sprint_mu_d3_branching,
          sprint_mu_orc_legion, sprint_mu_elf_gauntlet, sprint_mu_hive_nellie,
          sprint_mu_lair_fedhas, sprint_mu_vaults_butterflies,
          sprint_mu_slime_circle, sprint_mu_shoals_archi,
          sprint_mu_snake_twists, sprint_mu_blade_basic, sprint_mu_crypt_lich,
          sprint_mu_tomb_spiral, sprint_mu_vestibule_basic,
          sprint_mu_gehenna_hellfire, sprint_mu_dis_giant,
          sprint_mu_tartarus_statrot, sprint_mu_cocytus_islands, sprint_mu_zot1]

Skill      XL: |  1  2  3  4  5  6  7  8  9 10 11 12 13 14 15 16 17 18 |
---------------+-------------------------------------------------------+-----
Dodging        | 2 3 4 5 6 7 8 9 10 11 13 15 | 15.9
Unarmed Combat | 5 6 7 10 11 12 14 15 17 19 22 24 26 27 | 27.0
Spellcasting   | 2 3 4 5 6 7 8 9 10 12 14 15 18 20 | 20.9
Transmutations | 2 3 4 5 6 7 8 10 12 14 16 17 20 22 | 22.8
Fighting       | 1 2 3 4 5 6 7 8 12 16 19 | 19.7
Stealth        | 1 2 3 4 5 6 7 9 10 11 | 11.3
Ice Magic      | 2 3 4 5 |  5.7
Evocations     | 1 2 3 4 5 6 8 |  8.4
Shields        | 1 3 4 |  4.2
Earth Magic    | 3 4 6 7 8 |  8.3
Throwing       | 2 3 |  3.4
Poison Magic   | |  0.7

Action                   |  1- 3 |  4- 6 |  7- 9 | 10-12 | 13-15 | 16-18 || total
-------------------------+-------+-------+-------+-------+-------+-------++-------
Melee: Unarmed           |    11 |    26 |    58 |   167 |   254 |   284 ||   800
       Headbutt          |     2 |     2 |     2 |     1 |       |    26 ||    33
       Kick              |       |     3 |     3 |       |       |       ||     6
       Punch             |       |     3 |       |    16 |    37 |    49 ||   105
       Tailslap          |       |       |       |     3 |    20 |    39 ||    62
       Bite              |       |       |       |     2 |    20 |    22 ||    44
Throw: Javelin           |       |       |       |       |       |     7 ||     7
 Cast: Beastly Appendage |     2 |     2 |     1 |       |     1 |       ||     6
       Wereblood         |     1 |     2 |     5 |    13 |    14 |    24 ||    59
       Ice Form          |       |     1 |     3 |       |     3 |     2 ||     9
       Spider Form       |       |       |     1 |       |       |       ||     1
       Blade Hands       |       |       |       |    17 |     3 |       ||    20
       Dragon Form       |       |       |       |     2 |    24 |    19 ||    45
       Statue Form       |       |       |       |       |     8 |     9 ||    17
       Passwall          |       |       |       |       |       |     2 ||     2
Invok: Call Merchant     |       |       |       |     5 |     2 |     8 ||    15
       Potion Petition   |       |       |       |     2 |       |     4 ||     6
 Abil: Breathe Fire      |       |       |       |       |     3 |     1 ||     4
       End Transformatio |       |       |       |       |     1 |       ||     1
Evoke: Tin of tremorston |       |       |     2 |     7 |     5 |     2 ||    16
       Wand              |       |       |     2 |     6 |     4 |     7 ||    19
       Phantom mirror    |       |       |       |       |     2 |     2 ||     4
       Condenser vane    |       |       |       |       |     1 |     7 ||     8
  Use: Potion            |       |     3 |     2 |     3 |     7 |    26 ||    41
       Scroll            |       |       |     2 |     3 |     2 |    18 ||    25
 Stab: Sleeping          |     1 |       |     3 |     3 |    10 |     7 ||    24
       Distracted        |       |       |     1 |     3 |     1 |     1 ||     6
Armor: Robe              |     1 |     3 |     1 |    23 |     6 |     9 ||    43
       Skin              |       |       |     7 |     4 |    68 |   103 ||   182
Dodge: Dodged            |     2 |     4 |    15 |    59 |    75 |   106 ||   261
Block: Other             |       |     1 |     1 |    19 |     9 |       ||    30

Table legend: (Time is in decaauts) A = Elapsed time spent in this place. B = Non-inter-level travel time spent in this place. C = Inter-level travel time spent in this place. D = Time resting spent in this place. E = Time spent auto-exploring this place. F = Levels seen in this place. G = Mean time per level. A B C D E F G +--------+--------+--------+--------+--------+-----+--------+ Total | 13059 | 12433 | 626 | 5967 | 55 | 1 | 13059.0 | Dungeon | 13059 | 12433 | 626 | 5967 | 55 | 1 | 13059.0 | +--------+--------+--------+--------+--------+-----+--------+

Top non-repeatable levels by time:
       D: 13059 daAuts
